 Dungeon Crawl Stone Soup version 0.32-a0-643-ga006e7742e (webtiles) character file.

Game seed: 14084571073906054169

7721 cforsyth the Scholar of Death (level 11, -7/102 HPs)
             Began as a Mountain Dwarf Necromancer on Mar 7, 2024.
             Was a Follower of Kikubaaqudgha.
             Mangled by a cyclops (28 damage)
             ... on level 9 of the Dungeon.
             The game lasted 00:25:02 (15246 turns).

cforsyth the Scholar of Death (MDNe)               Turns: 15246, Time: 00:25:03

Health: -7/102     AC: 11    Str: 12    XL:     11   Next: 0%
Magic:  13/13      EV: 16    Int: 19    God:    Kikubaaqudgha [*.....]
Gold:   515        SH:  0    Dex:  5    Spells: 8/13 levels left

rFire   + . .        z - +7 spear "Qiulli" {heavy, rPois}
rCold   . . .        (no shield)
rNeg    . . .        m - +0 acid dragon scales
rPois   +            j - +1 helmet
rElec   .            (no cloak)
rCorr   +            n - +0 pair of gloves {Stlth+}
SInv    .            (no boots)
Will    +....        (no amulet)
Stlth   ++           P - ring of poison resistance
HPRegen 0.37/turn    s - ring of the Burning Orange {rF+ rCorr EV+5 Dex-5 Slay+3}
MPRegen 0.13/turn

%: no passive effects
@: no status effects
A: runic magic, artefact enchanting
a: Renounce Religion, Unearth Wretches


You were on level 9 of the Dungeon.
You worshipped Kikubaaqudgha.
Kikubaaqudgha was aware of your devotion.
You visited 2 branches of the dungeon, and saw 11 of its levels.

You collected 605 gold pieces.
You spent 90 gold pieces at shops.


Innate Abilities, Weirdness & Mutations

Your spellcasting is much less encumbered by armour.
You can use scrolls of enchantment on lesser artefacts.


   Skills:
 + Level 11.2 Fighting
 + Level 7.2 Axes
 + Level 6.8 Armour
 - Level 1.3 Dodging
 - Level 1.4 Stealth
 - Level 1.7 Spellcasting
 + Level 12.0 Necromancy


You had 8 spell levels left.
You knew the following spells:

 Your Spells              Type           Power      Damage    Failure   Level
a - Animate Dead          Necr           47%        N/A       1%          4
X - Necrotise             Necr           100%       1d9       1%          1

Your spell library contained the following spells:

 Spells                   Type           Power      Damage    Failure   Level
 Sublimation of Blood     Necr           47%        N/A       1%          2
 Fugue of the Fallen      Necr           47%        N/A       1%          3
 Vampiric Draining        Necr           47%        2d9       1%          3
 Curse of Agony           Necr           47%        N/A       3%          5
 Apportation              Tloc           2%         N/A       19%         1
 Call Imp                 Summ           2%         N/A       28%         2
 Jinxbite                 Hex            2%         N/A       28%         2
 Static Discharge         Conj/Air       2%         3-4/arc   28%         2
 Dazzling Flash           Conj/Hex       2%         N/A       50%         3
 Volatile Blastmotes      Fire/Tloc      2%         2d10      50%         3
 Airstrike                Air            0%         2d(1-17)  88%         4
 Summon Lightning Spire   Summ/Air       1%         N/A       88%         4
 Alistair's Intoxication  Alch           0%         N/A       99%         5
 Sculpt Simulacrum        Ice/Alch       0%         N/A       100%        6
 Starburst                Conj/Fire      0%         6d3       100%        6
 Ozocubu's Refrigeration  Ice            0%         4d7       100%        7
 Summon Hydra             Summ           0%         N/A       100%        7
 Maxwell's Capacitive Co  Air            0%         ∞         100%        8
 Polar Vortex             Ice            0%         N/A       100%        9

Inventory:

Hand Weapons
 a - a +0 hand axe
 z - the +7 spear "Qiulli" (weapon) {heavy, rPois}
   (You found it on level 3 of the Dungeon)

   rPois:     It protects you from poison.
Missiles
 E - 2 throwing nets {=f}
Armour
 j - a +1 helmet (worn)
 m - +0 acid dragon scales (worn)
 n - a +0 pair of gloves of stealth (worn)
 p - a +2 leather armour of willpower
 v - a +0 chain mail
Magical Staves
 G - a staff of conjuration {!a}
Jewellery
 s - the ring of the Burning Orange (right hand) {rF+ rCorr EV+5 Dex-5 Slay+3}
   (You acquired it on level 7 of the Dungeon)

   [ring of evasion]

   EV+5:      It affects your evasion (+5).
   Dex-5:     It affects your dexterity (-5).
   Slay+3:    It affects your accuracy & damage with ranged weapons and melee
   (+3).
   rF+:       It protects you from fire.
   rCorr:     It protects you from acid and corrosion.
 F - a ring of protection from fire
 K - an amulet of the acrobat
 P - a ring of poison resistance (left hand)
Wands
 D - a wand of flame (26)
Scrolls
 d - 2 scrolls of vulnerability {unknown}
 e - 5 scrolls of teleportation {@r2}
 i - a scroll of revelation {unknown}
 k - 3 scrolls of fear {unknown}
 l - 2 scrolls of immolation
 q - a scroll of brand weapon {unknown}
 w - 3 scrolls of torment {unknown}
 y - a scroll of enchant armour {unknown}
 B - a scroll of noise {unknown}
 C - 3 scrolls of blinking
 H - 2 scrolls of enchant weapon {unknown}
 N - a scroll of identify {@r1}
Potions
 b - a potion of magic
 c - a potion of resistance {unknown}
 f - 4 potions of mutation
 g - 6 potions of curing {@q1}
 h - 4 potions of invisibility
 o - 2 potions of ambrosia
 r - a potion of brilliance {unknown}
 t - 3 potions of might
 u - a potion of attraction {unknown}
 x - a potion of cancellation {unknown}
 A - 4 potions of lignification
 I - a potion of berserk rage {unknown}
 J - a potion of enlightenment {unknown}
 L - a potion of heal wounds {@q2}
 M - a potion of haste {unknown}

Dungeon Overview and Level Annotations

Branches:
Dungeon (10/15)            Temple (1/1) D:5            Lair (0/5) D:9
    Orc: D:9-12

Altars:
Ashenzari
Cheibriados
Dithmenos
Elyvilon
Fedhas
Gozag
Hepliaklqana
Kikubaaqudgha
Makhleb
Nemelex Xobeh
Okawaru
Qazlal
Ru
Sif Muna
Trog
Uskayaw
Vehumet
Wu Jian
Xom
Yredelemnul
Zin
The Shining One

Shops:
D:4 =   D:6 * D:10

: ####.# #.# #.# #.#
####.# .....# ######
..##.#############
................@#
..##.###########C#
..##.#.......# #.#
.###.#.#####.# #.#
.###'#.#<....# #.#
........########.###
........+..........#
........########.#.#
####.#### #.#.#


You could see a cyclops.


Message History

You hit the cyclops.
The cyclops is moderately wounded.
The cyclops closely misses you.
Unknown command.
You puncture the cyclops!
The cyclops is heavily wounded.
The cyclops hits you!!
* * * LOW HITPOINT WARNING * * *
Unknown command.
You puncture the cyclops!
The cyclops is severely wounded.
The cyclops barely misses you.
Unknown command.
Unknown command.
Unknown command.
You hit the cyclops.
The cyclops is severely wounded.
The cyclops closely misses you.
Unknown command.
You puncture the cyclops!
The cyclops is almost dead.
The cyclops hits you!
* * * LOW HITPOINT WARNING * * *
Unknown command.
Unknown command.
You barely miss the cyclops.
The cyclops is almost dead.
The cyclops hits you!!
You die...
Kikubaaqudgha rasps: You have failed me!
Welcome... death!

Skill      XL: |  1  2  3  4  5  6  7  8  9 10 |
---------------+-------------------------------+-----
Fighting       | 1 2 3 4 5 7 8 10 11 | 11.2
Necromancy     | 5 6 7 8 10 11 12 | 12.0
Armour         | 1 4 6 |  6.8
Axes           | 4 7 |  7.2
Dodging        | |  1.3
Stealth        | |  1.4
Spellcasting   | |  1.7

Action                     |  1- 3 |  4- 6 |  7- 9 | 10-12 || total
---------------------------+-------+-------+-------+-------++-------
  Melee: Unarmed           |     3 |       |       |       ||     3
         Spear             |       |    11 |   229 |   136 ||   376
         Hand axe          |       |       |    19 |       ||    19
   Cast: Necrotise         |    65 |   106 |   162 |       ||   333
         Animate Dead      |       |       |     2 |     4 ||     6
  Evoke: Wand              |       |       |     7 |       ||     7
    Use: Scroll            |       |       |    11 |     2 ||    13
         Potion            |       |       |       |     3 ||     3
   Stab: Invisible         |       |       |     2 |       ||     2
         Sleeping          |       |       |       |     1 ||     1
 Armour: Robe              |     3 |       |       |       ||     3
         Ring mail         |     7 |       |       |       ||     7
         Chain mail        |     2 |    20 |       |       ||    22
         Leather armour    |       |    35 |   293 |    39 ||   367
         Acid dragon scale |       |       |       |    77 ||    77
  Dodge: Dodged            |    14 |    19 |   327 |   116 ||   476

Levels and vault maps discovered:
D:1:      scummos_arrival_checkerplants, layout_basic
D:2:      minmay_chambers_of_ones, layout_loops_ring,
          dreamdust_ecumenical_altar_statues, minmay_statues_item
D:3:      layout_rooms, amcnicky_altar_gilded, lemuel_coloured_pillars_altar,
          uniq_jessica
D:4:      layout_cave_pools, mainiacjoe_overflow_big_doors,
          kennysheep_slug_shrine, serial_shops, shop
D:5:      cheibrodos_two_vegetables, layout_gridville,
          mainiacjoe_overflow_brackets, general_overflow_altar,
          lemuel_round_altar, minmay_temple_entry_overgrown
D:6:      layout_basic, serial_shops, shop, uniq_blork_the_orc
D:7:      layout_cave_pools, tgw_kikubaaqudgha, grunt_ministairs_14
D:8:      layout_rooms, mainiacjoe_overflow_alcove_2,
          einodemon_armed_red_devil_minivault
D:9:      layout_basic, lair_entry_dummy
D:10:     layout_loops_ring, orc_0_dummy, serial_shops, shop_coins,
          minmay_joined_circles
Temple:   minmay_temple_forest_path

Notes
Turn   | Place    | Note
-------+----------+-------------------------------------------
     0 | D:1      | cforsyth the Mountain Dwarf Necromancer began the quest for
                  | the Orb.
     0 | D:1      | Reached XP level 1. HP: 14/14 MP: 3/3
   171 | D:1      | Reached skill level 1 in Fighting
   562 | D:1      | Reached XP level 2. HP: 23/23 MP: 1/4
  1025 | D:2      | Found a faded altar of an unknown god.
  1117 | D:2      | Reached skill level 2 in Fighting
  1153 | D:2      | Reached XP level 3. HP: 29/29 MP: 3/5
  1186 | D:2      | Reached skill level 5 in Necromancy
  2183 | D:3      | Noticed Jessica
  2255 | D:3      | Killed Jessica
  2256 | D:3      | Reached XP level 4. HP: 37/37 MP: 3/6
  2280 | D:3      | Reached skill level 3 in Fighting
  2709 | D:3      | Found a glowing golden altar of the Shining One.
  3308 | D:3      | Reached XP level 5. HP: 46/46 MP: 3/7
  3349 | D:3      | Reached skill level 6 in Necromancy
  3386 | D:3      | Identified the +7 spear "Qiulli" {heavy, rPois}
  3536 | D:3      | Found a broken altar of Ashenzari.
  3767 | D:4      | Reached skill level 4 in Fighting
  3820 | D:4      | Found a snail-covered altar of Cheibriados.
  3834 | D:4      | Found a shadowy altar of Dithmenos.
  3842 | D:4      | Found a basalt altar of Yredelemnul.
  3904 | D:4      | Found Xuyshr Fumn's Jewellery Boutique.
  4347 | D:5      | Entered Level 5 of the Dungeon
  4352 | D:5      | Reached XP level 6. HP: 53/53 MP: 4/8
  4520 | D:5      | Found a staircase to the Ecumenical Temple.
  4536 | D:5      | Reached skill level 5 in Fighting
  4536 | D:5      | Reached skill level 7 in Necromancy
  4545 | Temple   | Entered the Ecumenical Temple
  4747 | D:5      | Found a sacrificial altar of Ru.
  4911 | D:5      | Reached XP level 7. HP: 47/61 MP: 3/9
  5002 | D:5      | Found a sparkling altar of Nemelex Xobeh.
  5107 | D:5      | Reached skill level 6 in Fighting
  5395 | D:5      | Found a shimmering altar of Xom.
  5837 | D:5      | Reached skill level 8 in Necromancy
  6343 | D:6      | Noticed a steam dragon
  6756 | D:5      | Killed a steam dragon
  6757 | D:5      | Reached skill level 7 in Fighting
  6757 | D:5      | Reached XP level 8. HP: 19/73 MP: 7/10
  7468 | D:6      | Noticed Blork the orc
  7630 | D:6      | Killed Blork the orc
  7631 | D:6      | Reached skill level 9 in Necromancy
  7848 | D:6      | Reached skill level 8 in Fighting
  8142 | D:6      | Found Xacriohywk's Assorted Antiques.
  8171 | D:6      | Bought a fuming pink potion for 21 gold pieces
  8171 | D:6      | Bought a coppery potion for 21 gold pieces
  8171 | D:6      | Bought a scroll labelled VOCHUS JEESM for 24 gold pieces
  8171 | D:6      | Bought a scroll labelled VIESYEHUTH for 24 gold pieces
  8394 | D:7      | Identified 2 scrolls of acquirement
  8394 | D:7      | Acquired the ring of the Burning Orange {rF+ rCorr EV+5
                  | Dex-5 Slay+3}
  8397 | D:7      | Acquired a +0 pair of gloves of stealth
  8504 | D:7      | Noticed a hornet
  8521 | D:6      | Killed a hornet
  8823 | D:7      | Reached skill level 10 in Necromancy
  8941 | D:6      | Reached skill level 1 in Armour
  9008 | D:6      | Learned a level 4 spell: Animate Dead
  9024 | D:7      | Reached XP level 9. HP: 76/82 MP: 4/11
  9241 | D:7      | Reached skill level 9 in Fighting
  9338 | D:7      | Reached skill level 1 in Axes
  9545 | D:7      | Reached skill level 2 in Armour
  9586 | D:6      | Reached skill level 2 in Axes
 10067 | D:7      | Reached skill level 3 in Armour
 10071 | D:7      | Reached skill level 3 in Axes
 10182 | D:7      | Found an ancient bone altar of Kikubaaqudgha.
 10190 | D:7      | Became a worshipper of Kikubaaqudgha
 10694 | D:8      | Noticed a red devil
 10717 | D:8      | Noticed a red devil
 10738 | D:8      | Reached skill level 4 in Axes
 10738 | D:8      | Reached skill level 4 in Armour
 11144 | D:8      | Killed a red devil
 11145 | D:8      | Reached skill level 10 in Fighting
 12455 | D:8      | Killed a red devil
 12456 | D:8      | Reached skill level 11 in Necromancy
 12500 | D:8      | Noticed a red devil
 12601 | D:8      | Killed a red devil
 12602 | D:8      | Reached XP level 10. HP: 75/93 MP: 12/12
 12754 | D:8      | Reached skill level 5 in Axes
 12838 | D:8      | Found a burning altar of Makhleb.
 13283 | D:9      | Reached skill level 5 in Armour
 13494 | D:10     | Entered Level 10 of the Dungeon
 13674 | D:10     | Noticed a two-headed ogre
 13688 | D:10     | Killed a two-headed ogre
 13689 | D:10     | Reached skill level 6 in Axes
 13868 | D:10     | Noticed a two-headed ogre
 13875 | D:10     | Killed a two-headed ogre
 13876 | D:10     | Reached skill level 6 in Armour
 14266 | D:9      | Found a staircase to the Lair.
 14280 | D:9      | Reached * piety under Kikubaaqudgha
 14280 | D:9      | Received a gift from Kikubaaqudgha
 14281 | D:9      | Reached skill level 11 in Fighting
 14338 | D:9      | Noticed a two-headed ogre
 14348 | D:9      | Killed a two-headed ogre
 14349 | D:9      | Reached skill level 7 in Axes
 14349 | D:9      | Reached skill level 12 in Necromancy
 14772 | D:9      | Reached XP level 11. HP: 52/102 MP: 9/13
 15055 | D:10     | Found Noxua's Book Emporium.
 15246 | D:9      | Mangled by a cyclops

Vanquished Creatures
  3 two-headed ogres
  3 red devils (D:8)
  A hornet (D:6)
  A shadow (D:9)
  2 wyverns (D:9)
  2 yaks
  A steam dragon (D:5)
  2 acid dragons
  2 water moccasins
  A black bear (D:5)
  2 ice beasts
  A sky beast (D:7)
  3 orc warriors
  A centaur (D:8)
  A phantom (D:5)
  Blork the orc (D:6)
  3 kobold brigands
  5 bullfrogs
  A gnoll sergeant (D:5)
  6 wights
  9 killer bees
  2 howler monkeys (D:9)
  3 jellies
  2 gnoll boudas
  6 orc priests
  4 hounds
  5 iguanas
  A sleepcap (D:6)
  Jessica (D:3)
  13 orc wizards
  12 gnolls
  10 adders
  2 white imps
  4 ufetubi (D:6)
  3 dart slugs
  A ribbon worm (D:3)
  39 orcs
  7 ball pythons
  5 endoplasms
  6 goblins
  4 hobgoblins
  2 jackals (D:3)
  5 quokkas
  2 bats
  2 frilled lizards (D:2)
  16 kobolds
  7 rats
215 creatures vanquished.

Vanquished Creatures (collateral kills)
  A yak (D:9)
  An acid dragon (D:10)
  A killer bee (D:8)
  2 orcs
  A giant cockroach (D:4)
  2 goblins (D:2)
  A rat (D:1)
9 creatures vanquished.

Vanquished Creatures (others)
  A human (D:7)
  A yak zombie (D:10)
  A kobold (D:6)
  6 orc zombies
9 creatures vanquished.

Grand Total: 233 creatures vanquished

Table legend: (Time is in decaauts)
 A = Elapsed time spent in this place.
 B = Non-inter-level travel time spent in this place.
 C = Inter-level travel time spent in this place.
 D = Time resting spent in this place.
 E = Time spent auto-exploring this place.
 F = Levels seen in this place.
 G = Mean time per level.
                   A        B        C        D        E       F      G
               +--------+--------+--------+--------+--------+-----+--------+
         Total |  15511 |  14921 |    590 |   4660 |   7562 |  11 | 1410.1 |
       Dungeon |  15473 |  14883 |    590 |   4660 |   7526 |  10 | 1547.3 |
        Temple |     37 |     37 |      0 |      0 |     36 |   1 |   37.0 |
               +--------+--------+--------+--------+--------+-----+--------+

Top non-repeatable levels by time:
     D:7: 2740 daAuts
     D:6: 2399 daAuts
     D:5: 2231 daAuts
     D:2: 1570 daAuts
     D:8: 1509 daAuts
     D:9: 1424 daAuts
     D:3: 1171 daAuts
     D:1: 1020 daAuts
     D:4: 874 daAuts
    D:10: 531 daAuts
  Temple: 37 daAuts

Table legend:
 A = Non-vault XP
 B = Vault XP
 C = Vault XP percentage of total XP
 D = Non-vault monster count
 E = Vault monster count
 F = Vault count percentage of total count
                 A         B        C        D         E       F
            +---------+---------+-------+---------+---------+-------
      Total |    9421 |    1609 |  14.6 |     207 |      17 |   7.6
            +---------+---------+-------+---------+---------+-------
        D:1 |      17 |       0 |   0.0 |      11 |       0 |   0.0
        D:2 |      41 |      19 |  31.7 |      17 |       5 |  22.7
        D:3 |     154 |      37 |  19.4 |      25 |       1 |   3.8
        D:4 |     116 |       4 |   3.3 |      12 |       1 |   7.7
        D:5 |     911 |     109 |  10.7 |      18 |       3 |  14.3
        D:6 |     923 |     350 |  27.5 |      29 |       2 |   6.5
        D:7 |    1365 |      45 |   3.2 |      40 |       1 |   2.4
        D:8 |    1126 |    1045 |  48.1 |      30 |       4 |  11.8
        D:9 |    2736 |       0 |   0.0 |      21 |       0 |   0.0
       D:10 |    2032 |       0 |   0.0 |       4 |       0 |   0.0
            +---------+---------+-------+---------+---------+-------
